Cogmind - Beta 12 @@@ ROGUE MODE // 2023.03.31 @ 23:44:21 Player: Michael Result: Destroyed by Y-45 Defender with Beam Rifle Performance ------------- Evolutions (2) 1000 Regions Visited (6) 1200 Robots Destroyed (82) 410 Value Destroyed (2331) 2331 Prototype IDs (0) 0 Alien Tech Used (0) 0 Bonus (828) 828 TOTAL SCORE: 5769 Bonus ------- High Alert Combat Kills 128 Entered Garrisons 200 Used RIF Installer 500 Cogmind --------- Core Integrity 0/550 Matter 290/300 Energy 62/100 System Corruption 0% Temperature Cool (9) Movement Rolling (95) Ox1 Location -8/Garrison Parts ------- > --- POWER (1) -------- (None) > --- PROPULSION (3) --- Wheel > --- UTILITY (5) ------ Large Storage Unit Transport Network Coupler Advanced Targeting Computer > --- WEAPON (2) ------- (None) > --- INVENTORY (15) --- Light Nuclear Core Armored Treads Medium Storage Unit Large Storage Unit High-capacity Matter Pod (200) Structural Scanner Relay Coupler [Sentry] (18) Relay Coupler [Sentry] (18) Long-range Tractor Beam Heavy Assault Rifle Peak State ------------ > --- POWER ------------ Light Nuclear Core > --- PROPULSION ------- Light Treads Wheel Wheel > --- UTILITY ---------- Large Storage Unit Transport Network Coupler Advanced Targeting Computer Advanced Targeting Computer Improved Shield Generator > --- WEAPON ----------- Heavy Assault Rifle Heavy Assault Rifle > --- INVENTORY -------- Ion Engine Light Nuclear Core Wheel Cooling System Medium Storage Unit Large Storage Unit High-capacity Matter Pod Compact Matter Pod Structural Scanner Long-range Tractor Beam Assault Rifle Heavy Assault Rifle Heavy Assault Rifle Heavy Assault Rifle Grenade Launcher [Rating: 24] Favorites ----------- Power Ion Engine Engine Ion Engine Power Core Light Nuclear Core Propulsion Wheel Treads Light Treads Leg Aluminum Leg Wheel Wheel Utility Large Storage Unit Device Cooling System Storage Large Storage Unit Processor Advanced Targeting Computer Protection Improved Light Armor Plating Weapon Heavy Assault Rifle Ballistic Gun Heavy Assault Rifle Launcher Grenade Launcher Build | -11 -10 -10 -10 -9 -8 -8 ------- Run | Jun Mat Min Exi Min Mat Gar Slots Evolved 4 | . . . . . 4 . Power . | . . . . . . . Propulsion 1 | . . . . . 1 . Utility 3 | . . . . . 3 . Weapon . | . . . . . . . Parts Attached 85 | 6 14 2 . 16 33 14 Power 10 | 1 3 . . 2 4 . Engine 5 | 1 2 . . 1 1 . Core 5 | . 1 . . 1 3 . Reactor . | . . . . . . . Propulsion 39 | 2 6 . . 10 15 6 Treads 10 | . . . . 5 3 2 Leg 6 | 2 4 . . . . . Wheel 23 | . 2 . . 5 12 4 Hover . | . . . . . . . Flight . | . . . . . . . Utility 14 | 1 3 . . . 9 1 Device 7 | . 1 . . . 5 1 Storage 3 | 1 2 . . . . . Processor 3 | . . . . . 3 . Hackware . | . . . . . . . Protection 1 | . . . . . 1 . Artifact . | . . . . . . . Weapon 22 | 2 2 2 . 4 5 7 Energy Gun . | . . . . . . . Energy Cannon . | . . . . . . . Ballistic Gun 17 | 2 2 1 . 2 5 5 Ballistic Cannon . | . . . . . . . Launcher 5 | . . 1 . 2 . 2 Special Weapon . | . . . . . . . Impact Weapon . | . . . . . . . Slashing Weapon . | . . . . . . . Piercing Weapon . | . . . . . . . Special Melee Weapon . | . . . . . . . Unidentified Prototypes . | . . . . . . . Parts Lost 21 | . . . . . 10 11 Power 2 | . . . . . 1 1 Propulsion 7 | . . . . . 4 3 Utility 5 | . . . . . 2 3 Weapon 7 | . . . . . 3 4 Highest Loss Streak 8 | . . . . . 3 8 To Critical Strikes . | . . . . . . . Average Slot Usage (%) 97 | . 99 100 100 100 93 93 Engine 8 | . 13 14 14 7 1 8 Core 3 | . . . . 6 7 . Treads 5 | . . . . 7 7 12 Leg 7 | . 22 . . . . . Wheel 13 | . 5 28 28 21 16 9 Device 12 | . 13 14 14 14 7 13 Storage 12 | . 14 14 14 14 9 9 Processor 7 | . . . . . 21 18 Protection 1 | . . . . . 4 3 Ballistic Gun 24 | . 28 28 28 27 18 17 Naked Turns . | . . . . . . . Heaviest Build 40 | 13 33 33 33 33 40 40 Greatest Support 40 | 20 20 20 20 20 20 40 Greatest Overweight (x) 3 | . 1 1 1 3 3 2 Average Overweight (x) . | . . 1 1 1 1 . Largest Inventory Capacity 15 | 8 15 15 15 15 15 15 Average Capacity 13 | 6 11 15 15 15 15 15 Most Carried 15 | 2 15 14 15 15 15 15 Average Carried 12 | 1 9 14 14 14 13 13 Final Capacity 15 | 8 15 15 15 15 15 15 Final Carried 15 | 2 14 14 15 14 15 10 Class Distribution -------------------- 63% | Mutant 36% | Scavenger-Mutant Dominant Class ---------------- Mutant | -10/Materials Mutant | -10/Mines Mutant | -10/Exiles Mutant | -9/Mines Scavenger-Mutant | -8/Materials Scavenger-Mutant | -8/Garrison Resources | -11 -10 -10 -10 -9 -8 -8 ----------- Run | Jun Mat Min Exi Min Mat Gar Matter Collected 2455 | 161 661 13 . 389 814 417 Remotely 120 | . . . . . 120 . Salvage Created 2723 | . 571 20 . 429 1196 507 Parts 184 | . 35 5 . 33 74 37 Haulers Intercepted 3 | . 2 . . . 1 . Recyclers Shooed 2 | . . . . 1 1 . Parts Field Recycled . | . . . . . . . Retrieved Matter . | . . . . . . . Parts Self-Destructed . | . . . . . . . Prevented . | . . . . . . . Kills | -11 -10 -10 -10 -9 -8 -8 ------- Run | Jun Mat Min Exi Min Mat Gar Combat Hostiles Destroyed 62 | . 11 3 . 12 20 16 Guns 50 | . 11 . . 7 20 12 AOE 12 | . . 3 . 5 . 4 Classes Destroyed 12 | . 7 . . 1 4 . Worker 8 | . 3 . . 1 4 . Builder 2 | . 1 . . . 1 . Tunneler 1 | . . . . 1 . . Hauler 3 | . 2 . . . 1 . Recycler 2 | . 1 . . 1 . . Operator 1 | . . . . . 1 . Watcher 3 | . 1 . . . 2 . Swarmer 22 | . 6 3 . 5 2 6 Grunt 29 | . 5 . . 7 10 7 Brawler 2 | . . . . . 1 1 Sentry 6 | . . . . . 4 2 Hunter 3 | . . . . . 3 . Best Kill Streak 7 | . 5 4 . 3 7 6 Combat Bots Only 6 | . 3 3 . 3 5 6 Max Kills in Single Turn 2 | . 1 2 . 2 2 2 Gunslinging 1 | . . . . . 1 1 Exploded 2 | . . 2 . 2 . 2 Melee . | . . . . . . . Uniques/NPCs Destroyed . | . . . . . . . Combat | -11 -10 -10 -10 -9 -8 -8 -------- Run | Jun Mat Min Exi Min Mat Gar Damage Taken 3429 | . 283 34 . 456 1237 1419 Core 724 | . 21 15 . 136 157 395 Absorbed by Shields 535 | . . . . . 192 343 Core Remaining (%) 65 | 100 . . . 31 . . Volleys Fired 221 | . 37 2 . 31 89 62 Largest 2 | . 2 1 . 2 2 2 Hottest 46 | . 46 30 . 46 46 43 Shots Fired 430 | . 74 2 . 58 178 118 Gun 419 | . 74 . . 54 178 113 Cannon . | . . . . . . . Launcher 11 | . . 2 . 4 . 5 Special . | . . . . . . . Kinetic 419 | . 74 . . 54 178 113 Thermal . | . . . . . . . Explosive 11 | . . 2 . 4 . 5 Electromagnetic . | . . . . . . . Robot Hit Streak 26 | . 12 2 . 9 26 23 Robot Miss Streak 6 | . 4 . . 2 6 2 Penetration Max . | . . . . . . . Secondary Targets 6 | . . . . 1 3 2 Max Gunslinging Chain 1 | . . . . 1 1 1 Shots Hit Robots 306 | . 45 1 . 41 131 88 Core Hits 154 | . 22 3 . 23 62 44 Critical Kills 2 | . 2 . . . . . Critical Parts Destroyed 2 | . 1 . . . 1 . Critical Strikes 4 | . 3 . . . 1 . Destroy 4 | . 3 . . . 1 . Melee Attacks . | . . . . . . . Impact . | . . . . . . . Slashing . | . . . . . . . Piercing . | . . . . . . . Sneak Attacks . | . . . . . . . Combat Hostiles . | . . . . . . . Follow-up Attacks . | . . . . . . . Damage Inflicted 4721 | . 686 147 . 896 1860 1132 Guns 3970 | . 686 . . 585 1860 839 Cannons . | . . . . . . . Explosions 751 | . . 147 . 311 . 293 Melee . | . . . . . . . Ramming . | . . . . . . . Kinetic 3970 | . 686 . . 585 1860 839 Thermal . | . . . . . . . Explosive 751 | . . 147 . 311 . 293 Electromagnetic . | . . . . . . . Impact . | . . . . . . . Slashing . | . . . . . . . Piercing . | . . . . . . . Highest Corruption . | . . . . . . . Average Corruption . | . . . . . . . Corruption Purged . | . . . . . . . Corruption Blocked . | . . . . . . . Overload Shots . | . . . . . . . Overflow Damage 22 | . . . . 22 . . Projectiles . | . . . . . . . Explosions 22 | . . . . 22 . . Melee . | . . . . . . . Knockbacks . | . . . . . . . Impact . | . . . . . . . Kinetic . | . . . . . . . Secondary . | . . . . . . . Self-Inflicted Damage 117 | . . 3 . 16 . 98 Shots 6 | . . 1 . 1 . 4 Rammed . | . . . . . . . Targets Rammed . | . . . . . . . Kicked . | . . . . . . . Crushed . | . . . . . . . Highest Temperature 45 | . . . . . 17 45 Average Temperature 11 | . . . . . 4 15 Received Heat Transfer 1160 | . 54 . . 231 357 518 Siege Activations . | . . . . . . . Robots Corrupted . | . . . . . . . Combat Hostiles . | . . . . . . . Parts Fried . | . . . . . . . Impact Corruptions . | . . . . . . . Robots Melted . | . . . . . . . Combat Hostiles . | . . . . . . . Parts Melted . | . . . . . . . Heat Transferred . | . . . . . . . Parts Sabotaged . | . . . . . . . Parts Stolen . | . . . . . . . Parts Stripped . | . . . . . . . Power Chain Reactions . | . . . . . . . Missiles Intercepted . | . . . . . . . Alert | -11 -10 -10 -10 -9 -8 -8 ------- Run | Jun Mat Min Exi Min Mat Gar Peak Influence 780 | . 219 112 . 309 476 780 Initial 312 | . . 22 . . 67 312 Average 220 | . 76 109 . 171 229 588 Maximum Alert Level 3 | . 1 . . 1 2 3 Low Security (%) 61 | 100 97 100 . 60 49 . Level 1 19 | . 2 . . 39 38 9 Level 2 12 | . . . . . 12 56 Level 3 5 | . . . . . . 33 Level 4 . | . . . . . . . Level 5 . | . . . . . . . High Security . | . . . . . . . Max Security . | . . . . . . . Squads Dispatched 8 | . 3 . . . 5 . Investigation 2 | . 1 . . . 1 . Extermination . | . . . . . . . Reinforcement 3 | . 2 . . . 1 . Assault . | . . . . . . . Garrison 3 | . . . . . 3 . Intercept . | . . . . . . . Searches Triggered . | . . . . . . . Construction Impeded . | . . . . . . . Haulers Reinforced . | . . . . . . . Active Scanning Responses . | . . . . . . . Cargo Convoy Interrupts . | . . . . . . . Stealth | -11 -10 -10 -10 -9 -8 -8 --------- Run | Jun Mat Min Exi Min Mat Gar Distress Signals 5 | . 2 . . . 3 . Communications Jammed . | . . . . . . . Distress Signals . | . . . . . . . Times Spotted 96 | . 21 3 . 16 31 25 Peak Tracking Total 7 | . 5 3 . 4 6 7 Tactical Retreats 11 | . . . . 2 5 4 Traps | -11 -10 -10 -10 -9 -8 -8 ------- Run | Jun Mat Min Exi Min Mat Gar Traps Triggered 5 | . 1 . . . 1 3 Indirectly . | . . . . . . . Trap Hack Attempts . | . . . . . . . Triggered . | . . . . . . . Disarmed . | . . . . . . . Reprogrammed . | . . . . . . . Reused . | . . . . . . . Traps Extracted . | . . . . . . . Installed . | . . . . . . . Triggered . | . . . . . . . Exploded 3 | . . . . 3 . . Machines | -11 -10 -10 -10 -9 -8 -8 ---------- Run | Jun Mat Min Exi Min Mat Gar Machines Disabled 4 | . 2 1 . . . 1 Max in Single Turn 1 | . 1 1 . . . 1 Garrison Relay 1 | . . . . . . 1 Machines Repaired . | . . . . . . . Machines Sabotaged . | . . . . . . . Overloaded Fab Kills . | . . . . . . . Hacking | -11 -10 -10 -10 -9 -8 -8 --------- Run | Jun Mat Min Exi Min Mat Gar Machines Accessed 10 | . 6 . 1 . 2 1 Terminals 6 | . 4 . . . 1 1 Fabricators . | . . . . . . . Repair Stations . | . . . . . . . Recycling Units 2 | . 2 . . . . . Scanalyzers . | . . . . . . . Garrison Access 1 | . . . . . 1 . Total Hacks 18 | . 12 . 1 . 3 2 Successful 9 | . 5 . 1 . 2 1 Failed 9 | . 7 . . . 1 1 Catastrophic . | . . . . . . . Database Lockouts . | . . . . . . . Manual . | . . . . . . . Terminals 12 | . 8 . . . 2 2 Fabricators . | . . . . . . . Repair Stations . | . . . . . . . Recycling Units 4 | . 4 . . . . . Scanalyzers . | . . . . . . . Garrison Access 1 | . . . . . 1 . Terminal Hacks 6 | . 3 . 1 . 1 1 Record 1 | . . . 1 . . . Branch Access Points 1 | . 1 . . . . . Locate Traps 1 | . 1 . . . . . Registered Components 1 | . 1 . . . . . Zone Layout 1 | . . . . . 1 . Patrol Navigation 1 | . . . . . . 1 Fabricator Hacks . | . . . . . . . Repair Station Hacks . | . . . . . . . Recycling Unit Hacks 2 | . 2 . . . . . Retrieve Components 2 | . 2 . . . . . Scanalyzer . | . . . . . . . Garrison Access Hacks 1 | . . . . . 1 . Unlock Access 1 | . . . . . 1 . Unauthorized Hacks . | . . . . . . . Terminals . | . . . . . . . Fabricators . | . . . . . . . Repair Stations . | . . . . . . . Recycling Units . | . . . . . . . Scanalyzers . | . . . . . . . Garrison Access . | . . . . . . . Data Cores Recovered . | . . . . . . . Used . | . . . . . . . Hacking Detections 4 | . 2 . . . 1 1 Full Trace Events 1 | . 1 . . . . . Feedback Events . | . . . . . . . Feedback Blocked . | . . . . . . . Robot Schematics Acquired . | . . . . . . . Robots Built . | . . . . . . . Authchips . | . . . . . . . Time . | . . . . . . . Total Robot Build Rating . | . . . . . . . Part Schematics Acquired . | . . . . . . . Parts Built . | . . . . . . . Authchips . | . . . . . . . Time . | . . . . . . . Total Part Build Rating . | . . . . . . . Parts Repaired . | . . . . . . . Time . | . . . . . . . Parts Recycled . | . . . . . . . Recycled Matter . | . . . . . . . Retrieved Matter . | . . . . . . . Retrieved Components 11 | . 11 . . . . . Parts Scanalyzed . | . . . . . . . Part Schematics Acquired . | . . . . . . . Parts Damaged . | . . . . . . . Bothacking | -11 -10 -10 -10 -9 -8 -8 ------------ Run | Jun Mat Min Exi Min Mat Gar Used RIF Installer 1 | . . . . . . 1 Robots Hacked . | . . . . . . . Non-combat . | . . . . . . . Combat . | . . . . . . . Robot Hacks Applied . | . . . . . . . Relay Couplers Released 5 | . . . . . . 5 Machine Destruction 5 | . . . . . . 5 Fabnet Peak Effective % . | . . . . . . . Robots Rewired . | . . . . . . . Allies Hacked . | . . . . . . . Hacks Repelled . | . . . . . . . Allies | -11 -10 -10 -10 -9 -8 -8 -------- Run | Jun Mat Min Exi Min Mat Gar Total Allies . | . . . . . . . Largest Group . | . . . . . . . Highest-Rated Group . | . . . . . . . Highest-Rated Ally . | . . . . . . . Total Orders . | . . . . . . . Ally Attacks . | . . . . . . . Total Damage . | . . . . . . . Kills . | . . . . . . . Allies Corrupted . | . . . . . . . Allies Melted . | . . . . . . . Intel | -11 -10 -10 -10 -9 -8 -8 ------- Run | Jun Mat Min Exi Min Mat Gar Robot Analysis Total . | . . . . . . . Derelict Logs Recovered 2 | . . 1 . 1 . . Drone Launches . | . . . . . . . Drone Recoveries . | . . . . . . . Exploration | -11 -10 -10 -10 -9 -8 -8 ------------- Run | Jun Mat Min Exi Min Mat Gar Turns Passed 3596 | 57 1192 94 212 676 760 605 Spaces Moved 2108 | 44 662 92 218 405 348 339 Core 10 | 10 . . . . . . Treads 190 | . . . . 102 . 88 Legs 457 | 34 423 . . . . . Wheels 1451 | . 239 92 218 303 348 251 Hover . | . . . . . . . Flight . | . . . . . . . Fastest Speed 50 | 50 95 95 95 95 95 95 Average Speed 123 | 104 153 95 95 131 95 113 Slowest Speed 240 | 120 190 95 95 240 125 165 Overloaded Moves . | . . . . . . . Propulsion Burnouts . | . . . . . . . Robots Hopped . | . . . . . . . Cave-ins Triggered . | . . . . . . . Exploration Rate (%) 47 | 3 92 14 57 87 34 44 Regions Visited 6 Branch Regions 3 Pre-discovered Areas 3 | . . 1 1 1 . . Known Exits Taken 2 | . 1 . . . 1 . Unknown Exits Taken 4 | 1 . 1 1 1 . . Scrap Searched . | . . . . . . . Spaces Dug 37 | . . 5 . 19 . 13 Terrain Destroyed 55 | . . 5 . 27 . 23 Melee . | . . . . . . . Projectile . | . . . . . . . AOE 55 | . . 5 . 27 . 23 Terrain Rammed . | . . . . . . . Walls Destroyed . | . . . . . . . Machines Disabled . | . . . . . . . Actions | -11 -10 -10 -10 -9 -8 -8 --------- Run | Jun Mat Min Exi Min Mat Gar Total 2666 | 52 764 95 224 485 599 447 Wait 162 | 1 20 . . 24 102 15 Move 2103 | 43 661 91 217 404 348 339 Hop . | . . . . . . . Pick Up 38 | 2 17 . 4 3 9 3 Fast Attach 18 | 6 4 . . 1 7 . Attach 21 | . . . . . 15 6 Detach 11 | . 1 . . . 8 2 Swap 46 | . 10 2 . 15 11 8 Drop 38 | . 14 . 3 7 10 4 Fire 221 | . 37 2 . 31 89 62 Melee . | . . . . . . . Ram . | . . . . . . . Kick . | . . . . . . . Crush . | . . . . . . . Escape Stasis 8 | . . . . . . 8 Rewire . | . . . . . . . Trap . | . . . . . . . Miscellaneous . | . . . . . . . Route ------- -11/Junkyard -10/Materials (discovered 3 exits: [*Mat x2] / *Min) -10/Mines -10/Exiles -9/Mines (discovered 2 exits: *Mat x2) -8/Materials (discovered 2 exits: [*Fac] / Gar) -8/Garrison (discovered 1 exit: [*Mat]) History --------- Turn | Location | Event 8 | -11/Junkyard | Discovered new exit (range 15) 58 | -11/Junkyard | Entered Materials 222 | -10/Materials | Discovered new exit (range 16) 317 | -10/Materials | Build established: Mutant 467 | -10/Materials | Discovered new exit (range 13) 759 | -10/Materials | Discovered new exit (range 16) 1178 | -10/Materials | Identified exit to Mines 1250 | -10/Materials | Entered Mines 1270 | -10/Mines | Deemed a non-threat by the Exiles lab entrance 1270 | -10/Mines | Discovered new exit (range 5) 1298 | -10/Mines | Learned location of Storage (-7) 1344 | -10/Mines | Entered Exiles 1374 | -10/Exiles | Met 8R-AWN 1390 | -10/Exiles | Met EX-HEX 1426 | -10/Exiles | Met EX-DEC 1432 | -10/Exiles | Learned location of Zion (-7) 1546 | -10/Exiles | Discovered new exit (range 14) 1556 | -10/Exiles | Entered Mines 1807 | -9/Mines | Core integrity fell below 50% 2018 | -9/Mines | Discovered new exit (range 5) 2105 | -9/Mines | Discovered new exit (range 13) 2232 | -9/Mines | Entered Materials 2232 | -8/Materials | Evolved 4 slots: Propulsion x1, Utility x3 2403 | -8/Materials | Discovered new exit (range 3) 2560 | -8/Materials | Lost 3 parts (2n1w) 2666 | -8/Materials | Garrison activated, responded to threat 2756 | -8/Materials | Lost 3 parts (1p1n1u) 2896 | -8/Materials | Build established: Scavenger-Mutant 2992 | -8/Materials | Identified exit to Garrison 2992 | -8/Materials | Entered Garrison 3146 | -8/Garrison | Triggered checkpoint 3210 | -8/Garrison | Installed Relay Interface Framework 3282 | -8/Garrison | Garrison Relay disabled 3314 | -8/Garrison | Triggered checkpoint 3326 | -8/Garrison | Triggered checkpoint 3338 | -8/Garrison | Core integrity fell below 50% 3390 | -8/Garrison | Triggered checkpoint 3568 | -8/Garrison | Discovered new exit (range 15) 3585 | -8/Garrison | Core integrity fell below 20% 3597 | -8/Garrison | Destroyed by Y-45 Defender with Beam Rifle Last Messages --------------- 03440_ Acquired 22 matter. 03447_ Acquired 4 matter. 03463_ S-10 Pest destroyed. 03464_ Acquired 4 matter. 03568_ EXIT=FOUND 03573_ Triggered Alarm Trap. 03573_ An alarm sounds. 03574_ Y-45 Defender springs to life. 03575_ Critical hit (Burn: +26). 03575_ Critical hit (Burn: +27). 03580_ Lgt. Treads destroyed. 03580_ Shield Generator destroyed. 03580_ Critical hit (Burn: +26). 03580_ Assault Rifle destroyed. 03583_ Shield Generator destroyed. 03585_ Critical hit (Burn: +37). 03589_ Lgt. Assault Rifle destroyed. 03589_ Rnf. Ion Engine destroyed. 03590_ Wheel destroyed. 03594_ Assault Rifle destroyed. Map ----- +----------------------------------------------------+ | ???#=#????????????????# #??# #?????????????????? | | ???#=################## #### #?????????????????? | | ???#=!! = #?????????????????? | | ???#+###### ##### ##### ######?????????????????? | | ???#%#????# #??## ##??# #??????????????????????? | | ???#[#????# #??#^ #??# #??????????????????????? | | ???# #????# #??#" "#??# #??????????????????????? | | ???# #??### #??#" "#??# #??????????????????????? | | ???# #??# !#??#" "#??# #??????????????????????? | | ??? ??#==*#??#"""#??# #??????????????????????? | | ???###??#=*!#??#####??# #??????????????????????? | | ????????### #?????????# #??????????????????????? | | ??????????#=#?????????# #??????????????????????? | | ??????????# #?????????# #??????????????????????? | | ??????????# #?????????# ###????####????????????? | | ????????### #?????????# ^+ ####////## ??????????? | | ????????# #?????????# + #?????????? | | ????????# #?????????# Y+ #????????????? | | ????????# #?????????# + ####?????????????????? | | ????????### #?????????# YY###????????????????????? | | ??????????#*#?????????# #??????????????????????? | | ??????????#%#?????????# #??????????????????????? | | ??????????#=#?????????# #??????????????????????? | | ????????###%#?????????# #### #???????????????? | | ????????#[%[#?????????# #???????????????? | | ????????#==[#?????????# @########???????????????? | | ????????#[==#?????????#Y #??????????????????????? | | ????????###[#?????????# ??????????????????????? | | ??????????#+#????????#